 Dungeon Crawl Stone Soup version 0.30-a0-881-g1ff12e1e11 (console) character file.

Game seed: 17248144059010386152

163068 jejorda2 the Peltast (level 17, -6/133 HPs)
             Began as a Merfolk Berserker on Mar 14, 2023.
             Was a High Priest of Trog.
             Constricted to death by a shambling mangrove (14 damage)
             ... on level 4 of the Swamp.
             The game lasted 01:58:33 (27046 turns).

jejorda2 the Peltast (Merfolk Berserker)           Turns: 27046, Time: 01:58:33

Health: -6/133     AC: 36    Str: 20    XL:     17   Next: 82%
Magic:  17/17      EV:  3    Int: 12    God:    Trog [*****.]
Gold:   1089       SH: 14    Dex: 17    Spells: 16/16 levels left

rFire   + . .      SeeInvis .    a - +0 double sword (heavy)
rCold   + + .      Faith    .    y - +0 kite shield {reflect}
rNeg    . . .      Spirit   .    S - +3 gold dragon scales
rPois   +          Reflect  +    M - +2 helmet
rElec   .          Rampage  .    K - +1 cloak of the Wasteland {rC+ Int+4}
rCorr   .                        D - +2 pair of gloves
Will    .....                    H - +0 pair of boots Stlth
                                 m - amulet of regeneration
HPRegen 1.22/turn                P - ring of flight
MPRegen 0.15/turn                p - +4 ring of protection

@: lethally poisoned (-6 -> -6), weak-willed, grasped by roots, on berserk
cooldown, flying, slowed, constricted, studying Shields, very slow
A: (nimble swimmer 2), mertail
a: Renounce Religion, Berserk, Trog's Hand, Brothers in Arms


You were on level 4 of the Swamp.
You worshipped Trog.
Trog was extremely pleased with you.
You visited 5 branches of the dungeon, and saw 27 of its levels.
You also visited: Gauntlet and Volcano.

You collected 3074 gold pieces.
You spent 1985 gold pieces at shops.

Inventory:

Hand Weapons
 a - a +0 heavy double sword (weapon)
 b - the +8 rapier of Qazlal's Displeasure {speed, Str+3}
   (You found it in a Gauntlet)

   Str:       It affects your strength (+3).
 w - a +1 antimagic scimitar
Missiles
 e - 65 poisoned darts
 j - 130 stones
 l - 11 curare-tipped darts
 s - 5 throwing nets
 v - 9 javelins
 A - 15 boomerangs (quivered)
 L - 5 silver javelins
 T - 2 boomerangs of dispersal
Armour
 y - a +0 kite shield of reflection (worn)
 D - a +2 pair of gloves (worn)
 H - a +0 pair of boots (worn)
 K - the +1 cloak of the Wasteland (worn) {rC+ Int+4}
   (You found it in a Gauntlet)

   Int:       It affects your intelligence (+4).
   rC:        It protects you from cold.
 M - a +2 helmet (worn)
 S - +3 gold dragon scales (worn)
Jewellery
 m - an amulet of regeneration (around neck)
 p - a +4 ring of protection (right hand)
 P - a ring of flight (left hand)
Wands
 n - a wand of digging (14)
 u - a wand of paralysis (16)
 B - a wand of roots (28)
 F - a wand of flame (36)
 X - a wand of quicksilver (14)
Scrolls
 c - a scroll of fear
 g - a scroll of silence
 h - 4 scrolls of blinking
 x - a scroll of immolation
 E - 9 scrolls of teleportation
 Q - 3 scrolls of fog
 R - a scroll of poison
 W - a scroll of summoning
Potions
 d - a potion of heal wounds
 f - 6 potions of resistance
 i - 2 potions of might
 o - 7 potions of flight
 q - 3 potions of invisibility
 r - 7 potions of curing
 t - 7 potions of attraction
 z - 2 potions of ambrosia
 C - 5 potions of mutation
 G - 4 potions of cancellation
 N - 5 potions of haste
Miscellaneous
 k - a condenser vane (inert)
 J - a phial of floods


   Skills:
 - Level 12.0 Fighting
 - Level 4.1(11.1) Short Blades
 - Level 15.7(16.0) Long Blades
 - Level 16.0 Throwing
 + Level 11.1 Armour
 + Level 8.0 Dodging
 + Level 16.4 Shields
 - Level 6.0 Evocations


You had 16 spell levels left.
You didn't know any spells.
Your spell library was empty.

Dungeon Overview and Level Annotations

Branches:
Dungeon (15/15)            Temple (1/1) D:5            Lair (5/5) D:11
  Swamp (4/4) Lair:3       Spider (0/4) Lair:3        Slime (0/5) Lair:5
    Orc (2/2) D:10            Elf (0/3) Orc:2        Vaults (0/5) D:14
 Depths (0/4) D:15        Volcano (visited)         Gauntlet (visited)

Altars:
Ashenzari
Dithmenos
Elyvilon
Fedhas
Kikubaaqudgha
Makhleb
Okawaru
Qazlal
Ru
Sif Muna
Trog
Uskayaw
Wu Jian
Zin
The Shining One
Jiyva

Shops:
D:5 (*=[   D:8 *   Orc:2 ?***


Innate Abilities, Weirdness & Mutations

((You are very nimble when in or above water. (Stealth+, EV+, Speed+++)))
Your lower body shifts to a powerful aquatic tail in water.


Message History

You block the hornet's attack. The hornet closely misses you.
The hornet stings you but does no damage.
A death drake skeleton comes into view.
The hornet stings you but does no damage.
Roots burst forth from the earth!
The grasping roots grab you! The grasping roots constrict you!
* * * LOW HITPOINT WARNING * * *
You block the hornet's attack. x3; The hornet stings you.
* * * LOW HITPOINT WARNING * * *
You feel as though you will be slow longer.
The hornet stings you but does no damage.
The shambling mangrove hits you but does no damage.
The grasping roots constrict you!
* * * LOW HITPOINT WARNING * * *
Unknown command.
Blink to where?
Press: ? - help, Dir - move target You escape the roots grasp.
As you read the scroll of blinking, it crumbles to dust.
You feel sick.
Aiming: Fastroot
Press: ? - help, Shift-Dir - straight line, f - hornet
Aim: a hornet The roots erupt in riotous growth!
Roots grab the hornet. x3
The grasping roots constrict the hornet! x3
You feel sick.
The hornet struggles to escape constriction. x6
The grasping roots constrict the hornet!!
You kill the hornet!
Trog accepts your kill.
The grasping roots constrict the hornet! x2
You feel sick.
The roots release their grip on the hornet.
The hornet struggles to escape constriction.
The hornet escapes!
Roots burst forth from the earth!
The grasping roots grab you! The grasping roots constrict you!
You die...

.~~~.~~~~.♣♣~~°♣♣~~~Z~..~♣♣♣♣♣♣
~~~~~~~~~~♣♣♣♣♣♣♣÷~f†.?.~....§♣
~~~♣....§~~~~ ♣.~~~.~~♣♣~...♣
♣♣♣~.~.♣..~~. ♣.~~yy♣♣~~~~.♣♣
♣♣.~~~♣ ♣.~~~..~~~÷~~♣♣ ♣♣<.~♣
♣♣.~~.~~~~~~~.♣ ♣~..♣
♣♣♣♣♣~~~~~~~~~§~~♣ ♣♣).♣
♣♣..♣÷....~~.~~~~.♣
♣♣~♣♣♣♣.~~÷@......♣~§~~.♣
♣♣†.♣♣~~~~.♣♣♣.~♣♣~...♣♣
♣.~§..~~~♣♣ ♣♣♣♣♣♣♣♣♣♣
♣~~~....~♣ ♣♣~♣♣♣♣~§♣ ♣♣♣ ♣~.♣♣
♣.~♣ ♣♣♣♣


You could see a shambling mangrove and 2 hornets.

Vanquished Creatures
  Rupert (Lair:3)
  Mlioglotl (Swamp:3)
  Gastronok (Lair:3)
  A thorn hunter (Swamp:3)
  The ghost of BubbleThief the Warrior, a journeyman HOFi of the Shining One (D:14)
  Roxanne (Swamp:3)
  Donald (Swamp:3)
  A fenstrider witch (Swamp:1)
  A balrug (Gauntlet)
  2 vampire knights (Swamp:4)
  2 bunyips
  4 eleionomae
  A red draconian (Volcano)
  A minotaur (Gauntlet)
  Snorg (D:11)
  2 fire dragons
  Josephine (D:14)
  17 hydras
  A shambling mangrove (Swamp:3)
  The ghost of Puis the Skirmisher, a journeyman DgIE (Lair:2)
  5 vault guards (D:14)
  4 ogre magi
  7 centaur warriors
  3 ghost crabs
  9 alligators
  4 boulder beetles
  A catoblepas (D:15)
  13 two-headed ogres
  2 death yaks (D:11)
  4 orc high priests
  Urug (D:11)
  Sonja (Lair:3)
  Amaemon (Lair:3)
  A skyshark (Lair:3)
  4 skeletal warriors
  A salamander mystic (Volcano)
  3 goliath frogs (Swamp:3)
  A death drake (Swamp:1)
  5 swamp dragons
  A spriggan druid (Swamp:2)
  A flayed ghost (D:15)
  5 bog bodies
  A necromancer (D:15)
  2 phantasmal warriors (Swamp:4)
  3 orc knights (D:14)
  4 lindwurms (D:8)
  4 deep elf pyromancers
  6 cyclopes
  4 will-o-the-wisps
  A fire giant zombie (D:15)
  2 ugly things (D:13)
  3 manticores (D:15)
  A frost giant zombie (D:15)
  2 orc sorcerers
  6 salamanders (Volcano)
  A wolf spider (D:15)
  6 elephants
  5 black mambas
  A cane toad (shapeshifter) (D:14)
  An orange demon (Lair:3)
  9 cane toads
  A gargoyle (D:14)
  10 komodo dragons
  4 rime drakes
  A hellion (Gauntlet)
  2 kobold demonologists
  2 unseen horrors
  A freezing wraith (Swamp:4)
  A yaktaur (D:15)
  A hydra zombie (Swamp:4)
  14 polar bears
  10 hornets
  6 trolls
  2 death drake zombies (Swamp:4)
  Grinder (D:3)
  2 hydra skeletons (Swamp:4)
  7 tyrant leeches
  21 blink frogs
  3 raiju (Lair:5)
  5 slime creatures (D:12)
  4 water elementals
  Sigmund (D:5)
  9 spriggans
  52 yaks
  2 shadows (D:12)
  6 basilisks
  A fire bat (shapeshifter) (D:15)
  Eustachio (D:5)
  7 wraiths
  4 wyverns
  A basilisk (shapeshifter) (D:12)
  Grum (D:11)
  A human (D:14)
  17 vampire mosquitoes
  A steam dragon (Lair:5)
  7 wargs
  A two-headed ogre zombie (D:10)
  11 swamp worms
  Duvessa (D:5)
  3 acid dragons
  11 water moccasins
  18 hell hounds
  2 glowing shapeshifter zombies (D:15)
  4 hydra simulacra (Swamp:4)
  15 orc warriors
  11 swamp drakes
  4 ice beasts
  13 black bears
  A swamp dragon zombie (Swamp:4)
  28 wolves
  27 ogres
  A swamp dragon skeleton (Swamp:4)
  8 centaurs
  5 phantoms
  17 kobold brigands
  8 bullfrogs
  A gnoll sergeant (D:12)
  3 scorpions
  7 wights (D:8)
  Dowan (D:5)
  13 killer bees
  6 electric eels
  4 lava snakes (D:15)
  7 orc priests
  4 hounds
  2 sleepcaps
  4 gnoll boudas
  3 jellies
  Jessica (D:2)
  7 iguanas
  15 orc wizards
  7 ogre zombies (D:10)
  25 gnolls
  2 adders
  A white imp (D:5)
  4 worms
  3 dart slugs
  42 orcs
  4 bats
  5 endoplasms
  3 giant cockroaches
  9 goblins
  6 hobgoblins
  8 jackals
  6 quokkas
  A frilled lizard (D:1)
  4 goblin zombies (D:10)
  A hobgoblin skeleton (D:10)
  A hobgoblin zombie (D:10)
  18 kobolds
  6 orc skeletons (D:10)
  13 orc zombies (D:10)
  8 rats
  A briar patch (Swamp:3)
  2 fire vortices (D:15)
837 creatures vanquished.

Vanquished Creatures (collateral kills)
  Nikola (Swamp:3)
  A hydra (D:15)
  An ogre mage (Orc:2)
  2 two-headed ogres (Orc:2)
  A death yak (D:11)
  A tengu warrior (D:14)
  3 skeletal warriors (D:14)
  Lodul (D:14)
  A swamp dragon (Swamp:3)
  A tengu conjurer (D:14)
  A culicivora (shapeshifter) (D:11)
  A swamp worm (Swamp:3)
  A hell hound (Lair:3)
  9 ogres
  3 river rats (D:11)
  3 quokkas (D:11)
  A rat (D:11)
32 creatures vanquished.

Vanquished Creatures (others)
  A swamp dragon (Swamp:3)
  A spriggan druid (Swamp:4)
  A bloated husk (Swamp:3)
  A briar patch (Swamp:3)
  11 foxfires
  24 fungi
  65 plants
  6 withered plants (D:15)
110 creatures vanquished.

Grand Total: 979 creatures vanquished

Notes
Turn   | Place    | Note
-------+----------+-------------------------------------------
     0 | D:1      | jejorda2 the Merfolk Berserker began the quest for the Orb.
     0 | D:1      | Reached XP level 1. HP: 18/18 MP: 1/1
   253 | D:1      | Reached XP level 2. HP: 24/24 MP: 2/2
   478 | D:1      | Reached XP level 3. HP: 28/29 MP: 3/3
  1415 | D:2      | Noticed Jessica
  1425 | D:2      | Killed Jessica
  1426 | D:2      | Reached XP level 4. HP: 37/37 MP: 4/4
  1678 | D:2      | Reached ** piety under Trog
  1708 | D:2      | Reached skill level 5 in Long Blades
  2110 | D:3      | Noticed Grinder
  2127 | D:3      | Killed Grinder
  2128 | D:3      | Reached XP level 5. HP: 43/43 MP: 5/5
  2128 | D:3      | Reached XP level 6. HP: 49/49 MP: 6/6
  2382 | D:3      | Found a shadowy altar of Dithmenos.
  3151 | D:4      | Reached skill level 5 in Dodging
  3684 | D:5      | Entered Level 5 of the Dungeon
  3692 | D:5      | Found Ihoa's Antique Armour Emporium.
  3723 | D:5      | Reached skill level 5 in Fighting
  3838 | D:5      | Reached XP level 7. HP: 26/56 MP: 7/7
  4298 | D:5      | Found Yziudoh's Antique Weapon Shop.
  4303 | D:5      | Bought a runed scimitar for 210 gold pieces
  4441 | D:5      | Noticed Sigmund
  4445 | D:5      | Killed Sigmund
  4448 | D:5      | Reached XP level 8. HP: 64/64 MP: 8/8
  4468 | D:5      | Found a staircase to the Ecumenical Temple.
  4488 | D:5      | Noticed Duvessa
  4488 | D:5      | Noticed Dowan
  4498 | D:5      | Killed Duvessa
  4507 | D:5      | Killed Dowan
  4512 | Temple   | Entered the Ecumenical Temple
  4760 | D:5      | Found Kogagorph's Jewellery Emporium.
  4768 | D:5      | Noticed Eustachio
  4773 | D:5      | Killed Eustachio
  4851 | D:5      | Found Efoheust's Assorted Antiques.
  5210 | D:6      | Reached skill level 10 in Long Blades
  5831 | D:6      | Reached XP level 9. HP: 69/69 MP: 9/9
  5980 | D:6      | Identified the +0 robe "Ylitz" {rPois rCorr Int+3}
  6406 | D:7      | Identified the +3 mace of the Sky {freeze, *Corrode rN+
                  | MP+9 Int+2}
  6775 | D:8      | Found a shimmering blue altar of Sif Muna.
  6776 | D:8      | Found an iron altar of Okawaru.
  6776 | D:8      | Found a blossoming altar of Fedhas.
  6789 | D:8      | Found an ancient bone altar of Kikubaaqudgha.
  6789 | D:8      | Found a stormy altar of Qazlal.
  6813 | D:8      | Reached *** piety under Trog
  6884 | D:8      | Found a broken altar of Ashenzari.
  6885 | D:8      | Found a burning altar of Makhleb.
  7060 | D:8      | Found a white marble altar of Elyvilon.
  7066 | D:8      | Noticed a hornet
  7070 | D:8      | Paralysed by a hornet for 1 turns
  7074 | D:8      | Killed a hornet
  7075 | D:8      | Reached XP level 10. HP: 76/76 MP: 10/10
  7314 | D:8      | Found Isankuk's Assorted Antiques.
  7588 | D:8      | Noticed a lindwurm
  7603 | D:8      | Noticed a lindwurm
  7603 | D:8      | Noticed a lindwurm
  7854 | D:9      | Reached skill level 1 in Short Blades
  7854 | D:9      | Reached skill level 5 in Armour
  7859 | D:9      | Reached skill level 1 in Throwing
  7933 | D:5      | Bought the ring "Soviybar" {rPois rCorr} for 358 gold
                  | pieces
  8009 | D:9      | Noticed a kobold demonologist
  8146 | D:9      | Killed a kobold demonologist
  8256 | D:9      | Reached **** piety under Trog
  8458 | D:9      | Identified the +6 war axe of Death {spect, rElec rPois MP+9
                  | Stlth-}
  8693 | D:10     | Entered Level 10 of the Dungeon
  8761 | D:10     | Reached XP level 11. HP: 78/84 MP: 11/11
  8891 | D:10     | Noticed a centaur warrior
  8902 | D:10     | Killed a centaur warrior
  8903 | D:10     | Reached skill level 5 in Throwing
  9035 | D:10     | Found a staircase to the Orcish Mines.
  9188 | D:10     | Reached ***** piety under Trog
  9668 | D:11     | Found a staircase to the Lair.
  9668 | D:11     | Noticed a death yak
  9669 | D:11     | Noticed a death yak
  9669 | D:11     | Noticed a death yak
  9679 | D:11     | Killed a death yak
  9685 | D:11     | Killed a death yak
  9686 | D:11     | Reached skill level 1 in Evocations
  9692 | D:11     | Killed a death yak
  9693 | D:11     | Reached skill level 10 in Fighting
  9766 | D:11     | Noticed Grum
  9785 | D:11     | Killed Grum
  9843 | D:11     | Noticed Snorg
  9856 | D:11     | Killed Snorg
  9968 | D:11     | Noticed Urug
  9980 | D:11     | Killed Urug
  9981 | D:11     | Reached XP level 12. HP: 30/99 MP: 12/12
 10515 | D:5      | Bought a spiked ring mail for 198 gold pieces
 10515 | D:5      | Identified the +6 ring mail of Fiwofos {rF+} (You bought it
                  | in a shop on level 5 of the Dungeon)
 10669 | D:12     | Noticed a boulder beetle
 10675 | D:12     | Killed a boulder beetle
 10676 | D:12     | Reached skill level 1 in Shields
 10718 | D:12     | Noticed a two-headed ogre
 10726 | D:12     | Killed a two-headed ogre
 10799 | D:12     | Reached skill level 5 in Evocations
 11543 | D:13     | Noticed a boulder beetle
 11555 | D:13     | Killed a boulder beetle
 11595 | D:13     | Noticed a centaur warrior
 11602 | D:13     | Killed a centaur warrior
 11603 | D:13     | Reached skill level 5 in Shields
 11695 | D:13     | You fall into a shaft and drop 2 floors!
 11695 | D:15     | Entered Level 15 of the Dungeon
 11797 | D:15     | Reached XP level 13. HP: 91/107 MP: 13/13
 11819 | D:15     | Received a gift from Trog
 11854 | D:15     | Found a staircase to the Depths.
 12545 | D:14     | Noticed a fire dragon
 12560 | D:14     | Killed a fire dragon
 13122 | D:14     | Noticed Josephine
 13138 | D:14     | Killed Josephine
 13322 | D:14     | Found a runed translucent gate.
 13322 | D:14     | Found a runed translucent gate.
 13322 | D:14     | Found a runed translucent gate.
 13326 | D:14     | Noticed BubbleThief's ghost (journeyman HOFi)
 13369 | D:14     | Reached skill level 10 in Shields
 13458 | D:14     | Noticed Lodul
 13469 | D:14     | Killed Lodul
 13543 | D:14     | Reached skill level 10 in Throwing
 13543 | D:14     | Reached XP level 14. HP: 39/115 MP: 14/14
 14044 | D:14     | Found a gate to the Vaults.
 14455 | D:14     | Killed BubbleThief's ghost
 15261 | D:8      | Identified the +5 ring mail of the Lachrymose God {Dex+3}
 15266 | D:8      | Identified the +3 arbalest of Fimbulwinter {penet, rF+}
 15346 | Lair:1   | Entered Level 1 of the Lair of Beasts
 16278 | Lair:2   | Found a transporter.
 16281 | Lair:2   | Noticed Puis's ghost (journeyman DgIE)
 16293 | Lair:2   | Found a transporter.
 16593 | Lair:2   | Reached XP level 15. HP: 109/120 MP: 15/15
 17347 | Lair:2   | Killed Puis's ghost
 17422 | Lair:3   | Found a gate leading to a gauntlet.
 17435 | Gauntlet | Entered a Gauntlet
 17435 | Gauntlet | Found a transporter.
 17435 | Gauntlet | Found a transporter.
 17435 | Gauntlet | Found a transporter.
 17436 | Gauntlet | Found a transporter.
 17439 | Gauntlet | Found a transporter.
 17441 | Gauntlet | Found a large runed translucent door.
 17442 | Gauntlet | Found a large runed translucent door.
 17443 | Gauntlet | Found a large runed translucent door.
 17443 | Gauntlet | Found a large runed translucent door.
 17443 | Gauntlet | Found a runed translucent door.
 17443 | Gauntlet | Found a runed translucent door.
 17444 | Gauntlet | Found a large runed translucent door.
 17444 | Gauntlet | Found a large runed translucent door.
 17444 | Gauntlet | Found a large runed translucent door.
 17444 | Gauntlet | Found a large runed translucent door.
 17445 | Gauntlet | Found a large runed translucent door.
 17445 | Gauntlet | Found a large runed translucent door.
 17446 | Gauntlet | Found a large runed translucent door.
 17446 | Gauntlet | Found a large runed translucent door.
 17447 | Gauntlet | Found a runed translucent gate.
 17447 | Gauntlet | Found a runed translucent gate.
 17447 | Gauntlet | Found a runed translucent gate.
 17449 | Gauntlet | Found a transporter.
 17449 | Gauntlet | Noticed a balrug
 17460 | Gauntlet | Found a large runed translucent door.
 17461 | Gauntlet | Found a large runed translucent door.
 17463 | Gauntlet | Found a transporter.
 17468 | Gauntlet | Found a transporter.
 17490 | Gauntlet | Found a transporter.
 17496 | Gauntlet | Found a transporter.
 17514 | Gauntlet | Found a transporter.
 17568 | Gauntlet | Found a transporter.
 17598 | Gauntlet | Found a large runed translucent door.
 17599 | Gauntlet | Found a large runed translucent door.
 17654 | Gauntlet | Identified the +1 pair of gloves of Dishonour {Stlth+}
 17656 | Gauntlet | Identified the +6 hand axe "Osoluh" {venom, rElec rF- SInv}
 17671 | Gauntlet | Killed a balrug
 17685 | Gauntlet | Identified the +0 pair of gloves of Xeicayj {Str+3}
 17748 | Gauntlet | Identified the +8 war axe "Icolot" {heavy, *Slow rF+ Dex+3}
 17760 | Gauntlet | Identified the +8 rapier of Qazlal's Displeasure {speed,
                  | Str+3}
 17760 | Gauntlet | Identified the +1 cloak of the Wasteland {rC+ Int+4}
 17824 | Lair:3   | HP: 2/180 [blink frog (9)]
 17851 | Lair:3   | Found a dark tunnel.
 17857 | Volcano  | Entered a volcano
 17916 | Volcano  | Found a radiant altar of Vehumet.
 18284 | Lair:3   | Noticed Rupert
 18322 | Lair:3   | HP: 1/120 [something (7)]
 18325 | Lair:3   | Found a staircase to the Swamp.
 18439 | Lair:3   | Reached skill level 15 in Long Blades
 18474 | Lair:3   | Noticed Amaemon
 18506 | Lair:3   | Killed Amaemon
 18597 | Lair:3   | Noticed Gastronok
 18615 | Lair:3   | Killed Gastronok
 18707 | Lair:3   | Noticed Sonja
 18715 | Lair:3   | Killed Sonja
 18817 | Lair:3   | Killed Rupert
 18992 | Lair:3   | Found a hole to the Spider Nest.
 19651 | Lair:4   | Identified the +3 pair of boots of Winter {rC- rN+++ Int-4
                  | Dex+4}
 20168 | Lair:5   | Entered Level 5 of the Lair of Beasts
 20745 | Lair:5   | Reached XP level 16. HP: 127/127 MP: 16/16
 21548 | Lair:5   | Found a viscous altar of Jiyva.
 21548 | Lair:5   | Found a staircase to the Slime Pits.
 21889 | Lair:5   | Received a gift from Trog
 22148 | Orc:1    | Entered Level 1 of the Orcish Mines
 22377 | Orc:1    | Found a shimmering blue altar of Sif Muna.
 22427 | Orc:2    | Entered Level 2 of the Orcish Mines
 23193 | Orc:2    | Found Siodd's General Store.
 23193 | Orc:2    | Found Demme's General Store.
 23195 | Orc:2    | Found Tuodiz's Magic Scroll Shop.
 23195 | Orc:2    | Found Rimpoc's Assorted Antiques.
 23457 | Orc:2    | Found a staircase to the Elven Halls.
 23681 | Orc:2    | Bought a shiny helmet for 232 gold pieces
 23681 | Orc:2    | Bought an inky potion for 27 gold pieces
 23689 | Orc:2    | Bought a scroll of acquirement for 728 gold pieces
 23691 | Orc:2    | Acquired a manual of Shields
 23861 | D:5      | Bought a scorched short sword for 232 gold pieces
 23861 | D:5      | Identified the +8 short sword of the Blowfly {freeze, rPois
                  | rF+ Int-3} (You bought it in a shop on level 5 of the
                  | Dungeon)
 24120 | Swamp:1  | Entered Level 1 of the Swamp
 24149 | Swamp:1  | Reached skill level 10 in Armour
 24311 | Swamp:1  | Noticed a fenstrider witch
 24325 | Swamp:1  | Killed a fenstrider witch
 24441 | Swamp:1  | Reached skill level 15 in Throwing
 24753 | Swamp:1  | Reached XP level 17. HP: 129/130 MP: 17/17
 25214 | Swamp:2  | Identified the +10 plate armour of Resilience {rPois Str+4
                  | Dex-3}
 25693 | Swamp:3  | Reached skill level 15 in Shields
 25847 | Swamp:3  | Identified Roxanne's Vellum of Shaping
 25847 | Swamp:3  | Noticed Roxanne
 25928 | Swamp:3  | Killed Roxanne
 26062 | Swamp:3  | Noticed Donald
 26126 | Swamp:3  | Killed Donald
 26320 | Swamp:3  | Noticed Nikola
 26345 | Swamp:3  | Killed Nikola
 26518 | Swamp:3  | Noticed Mlioglotl
 26527 | Swamp:3  | Killed Mlioglotl
 26640 | Swamp:4  | Entered Level 4 of the Swamp
 27046 | Swamp:4  | Constricted to death by a shambling mangrove

Illustrated notes

Levels and vault maps discovered:
D:1:      dpeg_arrival_windows_large_door, layout_basic
D:2:      layout_loops_ring, st_stairs_7, uniq_jessica
D:3:      layout_basic, mainiacjoe_overflow_catwalk, hangedman_decor_lopped,
          uniq_grinder
D:4:      layout_gridville
D:5:      layout_loops_ring, minmay_temple_entry_crystal_x, serial_shops, shop,
          nicolae_inconvenience_store, shop, shop, serial_park_tiny_pond,
          uniq_duvessa, uniq_eustachio, uniq_sigmund
D:6:      layout_basic, serial_glass, glass_columns_a, glass_columns_b,
          feat_on_display, due_unseen_surprise, minmay_strange_pillars
D:7:      layout_gridville
D:8:      layout_loops_ring, grunt_temple_overflow_open, elyvilon_altar_1,
          serial_shops, nicolae_shop_overgrown_old_shop, minmay_lindwurm_lava
D:9:      layout_roguey [special_room_kobold]
D:10:     layout_irregular_city, zombieorc2_lemuel, kennysheep_generic_room_14
D:11:     layout_loops_ring, dpeg_lair_monsters, uniq_snorg, uniq_grum,
          uniq_urug
D:12:     layout_roguey
D:13:     layout_rooms, minmay_liquid_box
D:14:     layout_cave_pools, grunt_vaults_entry_fortified, serial_bayou_ford_a,
          biasface_ghost_orc_armoury, uniq_josephine, uniq_lodul
D:15:     gammafunk_depths_entry_grave, layout_basic, grunt_decor_resistance
Temple:   nicolae_temple_bog_church
Lair:1:   layout_regular_city
Lair:2:   layout_layer_cave, gammafunk_ghost_arena, grunt_forest_stairs_clearing
Lair:3:   layout_regular_city, swamp_mist_pool, spider_nest_entry_web_field,
          enter_volcano_3, gauntlet_entry_generic, infiniplex_staircase_pool,
          uniq_gastronok, uniq_amaemon, uniq_sonja, uniq_rupert
Lair:4:   layout_cave_pods
Lair:5:   hangedman_lair_caniforms_friends, layout_small_grid,
          guppyfry_lair_end_dragon, slime_entry_1, st_stairs_11
Swamp:1:  layout_basic_swamp, evilmike_swamp_ruin_house_2, swamp_pool5
Swamp:2:  layout_falls_marsh, nicolae_swamp_orc_logging_accident
Swamp:3:  layout_basic_swamp, evilmike_swamp_ruin_rubble_1, uniq_nikola,
          uniq_donald, uniq_mlioglotl, uniq_roxanne
Swamp:4:  byrel_swamp_growth_death_and_undeath, layout_basic_swamp,
          infiniplex_staircase_pool_2
Orc:1:    layout_diamond_mine, led_sif_book
Orc:2:    st_orc_ogre_mass, layout_diamond_mine, statue_in_the_mist_lemuel

Skill      XL: |  1  2  3  4  5  6  7  8  9 10 11 12 13 14 15 16 17 |
---------------+----------------------------------------------------+-----
Long Blades    | 4 6 7 8 11 13 14 15 | 15.7
Dodging        | 3 4 5 6 8 |  8.0
Fighting       | 4 5 6 7 10 11 12 | 12.0
Armour         | 2 4 6 7 8 10 11 | 11.1
Short Blades   | 4 |  4.1
Throwing       | 3 6 7 10 11 12 15 16 | 16.0
Evocations     | 4 6 |  6.0
Shields        | 6 10 12 13 14 16 | 16.4

Action                     |  1- 3 |  4- 6 |  7- 9 | 10-12 | 13-15 | 16-18 || total
---------------------------+-------+-------+-------+-------+-------+-------++-------
  Melee: Falchion          |    85 |   102 |    32 |       |       |       ||   219
         Dagger            |    10 |   124 |       |       |       |       ||   134
         Punch             |       |     2 |     8 |     7 |       |       ||    17
         Scimitar          |       |       |   200 |   524 |   630 |    65 ||  1419
         Short sword       |       |       |       |       |    34 |       ||    34
         Tailslap          |       |       |       |       |     2 |       ||     2
         Double sword      |       |       |       |       |   399 |   821 ||  1220
         Rapier            |       |       |       |       |    44 |    52 ||    96
  Throw: Stone             |       |    13 |     5 |    14 |       |       ||    32
         Dart              |       |       |       |    20 |    40 |    48 ||   108
         Throwing net      |       |       |       |     1 |     2 |     1 ||     4
         Boomerang         |       |       |       |       |    17 |    41 ||    58
         Javelin           |       |       |       |       |     5 |     3 ||     8
 Invoke: Berserk           |     2 |     3 |     6 |     6 |    19 |    19 ||    55
         Trog's Hand       |       |     1 |     2 |     3 |    14 |    13 ||    33
         Brothers in Arms  |       |       |       |     1 |     6 |     3 ||    10
  Evoke: Wand              |       |       |     1 |       |    10 |     3 ||    14
         Condenser vane    |       |       |       |       |     1 |     2 ||     3
         Phial of floods   |       |       |       |       |       |     1 ||     1
    Use: Scroll            |       |       |    20 |    10 |    11 |     6 ||    47
         Potion            |       |       |       |     1 |     7 |     8 ||    16
   Stab: Distracted        |       |       |       |       |     1 |       ||     1
         Paralysed         |       |       |       |       |     1 |       ||     1
         Confused          |       |       |       |       |       |     1 ||     1
 Armour: Ring mail         |    26 |       |       |    67 |   173 |       ||   266
         Animal skin       |     1 |       |       |       |       |       ||     1
         Chain mail        |     3 |    65 |   135 |       |       |       ||   203
         Plate armour      |       |       |    52 |   176 |       |       ||   228
         Gold dragon scale |       |       |       |       |   642 |   862 ||  1504
  Dodge: Dodged            |    57 |    57 |   149 |   206 |   285 |   195 ||   949
  Block: Buckler           |       |       |       |    29 |   104 |       ||   133
         Kite shield       |       |       |       |       |   625 |   748 ||  1373
         Tower shield      |       |       |       |       |    43 |       ||    43
         Reflection        |       |       |       |       |       |     4 ||     4

Table legend: (Time is in decaauts)
 A = Elapsed time spent in this place.
 B = Non-inter-level travel time spent in this place.
 C = Inter-level travel time spent in this place.
 D = Time resting spent in this place.
 E = Time spent auto-exploring this place.
 F = Levels seen in this place.
 G = Mean time per level.
                   A        B        C        D        E       F      G
               +--------+--------+--------+--------+--------+-----+--------+
         Total |  27062 |  24715 |   2347 |   3290 |  15027 |  29 |  933.2 |
       Dungeon |  15482 |  13779 |   1703 |   1586 |   8962 |  15 | 1032.1 |
        Temple |    187 |    177 |     10 |      0 |    174 |   1 |  187.0 |
          Lair |   6249 |   5924 |    325 |    712 |   3771 |   5 | 1249.8 |
         Swamp |   2794 |   2684 |    110 |    654 |   1066 |   4 |  698.5 |
  Orcish Mines |   1658 |   1462 |    196 |    262 |    790 |   2 |  829.0 |
       Volcano |    321 |    321 |      0 |     62 |     81 |   1 |  321.0 |
      Gauntlet |    369 |    369 |      0 |     12 |    180 |   1 |  369.0 |
               +--------+--------+--------+--------+--------+-----+--------+

Top non-repeatable levels by time:
  Lair:5: 1852 daAuts
    D:15: 1533 daAuts
    D:14: 1392 daAuts
  Lair:3: 1319 daAuts
     D:5: 1270 daAuts
     D:8: 1253 daAuts
  Lair:2: 1240 daAuts
    D:10: 1140 daAuts
     D:6: 1078 daAuts
     D:9: 1022 daAuts
  Lair:4: 966 daAuts
 Swamp:1: 946 daAuts
     D:1: 945 daAuts
    D:12: 942 daAuts
     D:4: 931 daAuts
